[Event "Titled Tuesday Blitz September 20 Late 2022"]
[White "Muradli, Mahammad"]
[Black "Caruana, Fabiano"]
[WhiteFideId "13409301"]
[BlackFideId "2020009"]
[WhiteElo "2901"]
[BlackElo "3040"]
[Result "0-1"]
[Round "08"]
[TimeControl "180+1"]
[Date "2022.09.20"]
[WhiteClock "0:00:02"]
[BlackClock "0:00:08"]

1. c4 e5 2. d3 f5 3. g3 d6 4. Bg2 Be7 5. Nc3 Nf6 6. e3 O-O 7. Nge2 a5 8. a3 c6 9. Rb1 Be6 10. O-O Nbd7 11. b4 axb4 12. axb4 d5 13. cxd5 cxd5 14. Qb3 Nb6 15. d4 e4 16. Bb2 Qd7 17. Ra1 Nc4 18. Rxa8 Rxa8 19. Ra1 Rxa1+ 20. Bxa1 b5 21. Nf4 Bf7 22. h4 h6 23. Bf1 g5 24. hxg5 hxg5 25. Nh3 Ng4 26. Nb1 Kg7 27. Bc3 Be6 28. Qa2 Nh6 29. Kh2 Nf7 30. Qa6 Bd6 31. Na3 Nxa3 32. Qxa3 Qc6 33. Bd2 Bd7 34. Qa7 Kf6 35. Kg1 Bc7 36. Qc5 Nd6 37. Bc3 Be8 38. Kg2 Kg6 39. Be2 Bb6 40. Qxc6 Bxc6 41. Kg1 Nc4 42. g4 Bd7 43. gxf5+ Bxf5 44. Kg2 Bc7 45. Ng1 Bd6 46. Bf1 Bg4 47. Ne2 Bf3+ 48. Kg1 Kf5 49. Nc1 g4 50. Nb3 g3 51. Bxc4 dxc4 52. Nc5 g2 53. d5 Be5 54. Bd4 Bxd4 55. exd4 c3 56. Nb3 c2 57. Nc1 e3 58. fxe3 Bxd5 59. Kf2 Bf3 60. Nd3 Ke4 61. Nc5+ Kd5 62. Nb3 Kc4 63. Nc1 Be4 64. Kg1 Kxb4 65. d5 Bxd5 66. Kf2 Be4 67. Ne2 Kb3 68. Nd4+ Kb2 69. Ne2 c1=Q 0-1


[Site "https://www.chess.com"]

[Event "Titled Tuesday Blitz September 20 Late 2022"]
[White "Naroditsky, Daniel"]
[Black "Melkumyan, Hrant"]
[WhiteFideId "2026961"]
[BlackFideId "13302485"]
[WhiteElo "3122"]
[BlackElo "2944"]
[Result "1-0"]
[Round "08"]
[TimeControl "180+1"]
[Date "2022.09.20"]
[WhiteClock "0:00:04"]
[BlackClock "0:00:02"]

1. e4 c6 2. d4 d5 3. f3 e6 4. Nc3 Bb4 5. Bd3 Ne7 6. Ne2 b6 7. O-O Ba6 8. Bxa6 Nxa6 9. Qd3 Nc7 10. a3 Bxc3 11. Nxc3 O-O 12. Bf4 Ng6 13. Bg3 dxe4 14. fxe4 e5 15. dxe5 Ne6 16. Rad1 Qg5 17. Qd6 Rac8 18. Qd2 Qxd2 19. Rxd2 Rc7 20. Rd6 Re8 21. Rfd1 Ngf8 22. b4 h6 23. a4 Rec8 24. Bf2 Ng6 25. a5 Nxe5 26. axb6 axb6 27. Bxb6 Rb7 28. Ba5 Nc4 29. Rd7 Rxd7 30. Rxd7 Nxa5 31. bxa5 Ra8 32. Rd6 Ra6 33. Nd5 Rxa5 34. Rxc6 Ra4 35. c4 Ra2 36. c5 Rc2 37. Rc8+ Kh7 38. c6 Kg6 39. c7 h5 40. h3 h4 41. Rh8 Nxc7 42. Rc8 Nxd5 43. Rxc2 Nf4 44. Kf2 f6 45. Ke3 Ne6 46. Rc6 Ng5 47. Kf4 Nf7 48. Rc5 Kh6 49. Kg4 Nd6 50. Kf4 Kg6 51. Rd5 Nf7 52. Kg4 Ng5 53. Rxg5+ fxg5 54. e5 Kh6 55. Kf5 1-0


[Site "https://www.chess.com"]

[Event "Titled Tuesday Blitz September 20 Late 2022"]
[White "Nasuta, Grzegorz"]
[Black "Zhigalko, Sergei"]
[WhiteFideId "1141686"]
[BlackFideId "13502956"]
[WhiteElo "2354"]
[BlackElo "2662"]
[Result "0-1"]
[Round "08"]
[TimeControl "180+1"]
[Date "2022.09.20"]
[WhiteClock "0:00:05"]
[BlackClock "0:00:07"]

1. e4 c5 2. Nf3 Nc6 3. Bb5 Nf6 4. Bxc6 dxc6 5. d3 Bg4 6. h3 Bh5 7. Nc3 Nd7 8. g4 Bg6 9. Bf4 e6 10. Qe2 Be7 11. Bg3 Qa5 12. Nd2 b5 13. e5 O-O 14. O-O Rfd8 15. Nce4 c4 16. dxc4 Nb6 17. c5 Na4 18. f4 Bxe4 19. Nxe4 Nxc5 20. c3 Nxe4 21. Qxe4 Rd2 22. Rad1 Rad8 23. Rxd2 Rxd2 24. Qxc6 Qd8 25. Rf2 Rd5 26. f5 Bc5 27. fxe6 fxe6 28. Qxe6+ Kh8 29. Kg2 Bxf2 30. Bxf2 Rd2 31. Qc6 Qf8 32. Qf3 Qxf3+ 33. Kxf3 Rxb2 34. e6 Kg8 35. a3 a6 36. Bc5 Rh2 37. Kg3 Re2 38. e7 Kf7 39. h4 Re4 40. g5 Rc4 41. Bb4 g6 42. Kh3 Ke8 43. Kg3 Kd7 44. Kh3 a5 45. Bxa5 Kxe7 46. Bb4+ Ke6 47. Kg3 Kf5 48. Kh3 Re4 49. Kg3 Re3+ 50. Kf2 Rh3 0-1


[Site "https://www.chess.com"]

[Event "Titled Tuesday Blitz September 20 Late 2022"]
[White "Pakleza, Zbigniew"]
[Black "Baskakov, Egor"]
[WhiteFideId "1119290"]
[BlackFideId "24197866"]
[WhiteElo "2411"]
[BlackElo "2211"]
[Result "1-0"]
[Round "08"]
[TimeControl "180+1"]
[Date "2022.09.20"]
[WhiteClock "0:00:48"]
[BlackClock "0:00:57"]

1. d4 Nf6 2. Nf3 e6 3. Bf4 d5 4. e3 Be7 5. Nbd2 Ne4 6. Nxe4 dxe4 7. Nd2 f5 8. c3 Bd6 9. Bg3 O-O 10. Be2 g5 11. Bxd6 cxd6 12. h4 gxh4 13. Qb3 d5 14. O-O-O Nc6 15. Rh2 Rf6 16. Rdh1 Rh6 17. g3 Rb8 18. gxh4 Rg6 19. h5 Rg5 20. Qd1 Bd7 21. f4 Rg7 22. h6 Rg6 23. Bh5 Be8 24. Bxg6 Bxg6 25. Rg1 Ne7 26. Kb1 a5 27. c4 b6 28. Qb3 Qd6 29. Rc1 Kh8 30. c5 Qd8 31. cxb6 Rxb6 32. Qa3 Nc6 33. Nb3 Nb4 34. Qxa5 Qb8 35. Qxb6 1-0


[Site "https://www.chess.com"]

[Event "Titled Tuesday Blitz September 20 Late 2022"]
[White "Panarin, Mikhail"]
[Black "Lewtak, Damian"]
[WhiteFideId "4153251"]
[BlackFideId "1141724"]
[WhiteElo "2495"]
[BlackElo "2329"]
[Result "1-0"]
[Round "08"]
[TimeControl "180+1"]
[Date "2022.09.20"]
[WhiteClock "0:00:04"]
[BlackClock "0:00:01"]

1. e4 c6 2. d4 d5 3. Nd2 dxe4 4. Nxe4 Nf6 5. Nxf6+ exf6 6. c3 Na6 7. Bd3 Nc7 8. Ne2 Be7 9. Qc2 h5 10. Bd2 h4 11. h3 b5 12. a4 O-O 13. Bh7+ Kh8 14. Be4 Nd5 15. Nf4 bxa4 16. O-O a3 17. b4 g5 18. Nxd5 cxd5 19. Bf5 a5 20. Rxa3 Bxf5 21. Qxf5 axb4 22. Rxa8 Qxa8 23. cxb4 Qa2 24. Bxg5 fxg5 25. Qe5+ Kg8 26. Qxe7 Qd2 27. b5 Qf4 28. b6 Rb8 29. b7 Kg7 30. Rb1 Qf5 31. Rb3 Qf6 32. Qxf6+ Kxf6 33. g3 Kf5 34. Kg2 Ke4 35. Rb4 Kd3 36. Kf3 Kc3 37. Rb1 Kxd4 38. gxh4 gxh4 39. Kg4 Kc3 40. Kf3 d4 41. Ke2 d3+ 42. Kd1 d2 43. Rb6 Kd3 44. Rd6+ Kc3 45. Rd7 f5 46. Re7 f4 47. f3 Rd8 48. Rd7 1-0


[Site "https://www.chess.com"]

[Event "Titled Tuesday Blitz September 20 Late 2022"]
[White "Paravyan, David"]
[Black "Andreikin, Dmitry"]
[WhiteFideId "4194985"]
[BlackFideId "4158814"]
[WhiteElo "2902"]
[BlackElo "3049"]
[Result "1-0"]
[Round "08"]
[TimeControl "180+1"]
[Date "2022.09.20"]
[WhiteClock "0:00:05"]
[BlackClock "0:00:09"]

1. c4 e5 2. Nc3 Nc6 3. Nf3 Nf6 4. g3 Bc5 5. Bg2 d6 6. O-O O-O 7. d3 h6 8. a3 a6 9. b4 Ba7 10. Bb2 Ne7 11. e3 c6 12. Rc1 Ng6 13. Qc2 Bg4 14. h3 Bf5 15. Nd2 Qd7 16. Kh2 d5 17. c5 Rad8 18. e4 Be6 19. Nf3 Bb8 20. Rfe1 Nh5 21. Na4 dxe4 22. dxe4 f5 23. Nb6 Qf7 24. Nc4 Nhf4 25. gxf4 Nxf4 26. Nd6 Bxd6 27. cxd6 Qh5 28. exf5 Bd5 29. Rxe5 Nxg2 30. Re7 Rf7 31. Rxf7 Qxf7 32. Kxg2 Qh5 33. Qc3 Rd7 34. Re1 Qg5+ 35. Kf1 Qxf5 36. Re7 Qxh3+ 37. Ke1 Rxe7+ 38. dxe7 Qe6+ 39. Qe5 Kf7 40. Qxe6+ Bxe6 41. Bxg7 Kxe7 42. Bxh6 Kd6 43. Kd2 Kd5 44. Kc3 c5 45. Be3 cxb4+ 46. Kxb4 Kc6 47. Nd4+ Kd5 48. Nxe6 1-0


[Site "https://www.chess.com"]

[Event "Titled Tuesday Blitz September 20 Late 2022"]
[White "Perez Ponsa, Federico"]
[Black "Ozates, Tuna"]
[WhiteFideId "117927"]
[BlackFideId "6354521"]
[WhiteElo "2604"]
[BlackElo "1887"]
[Result "1-0"]
[Round "08"]
[TimeControl "180+1"]
[Date "2022.09.20"]
[WhiteClock "0:01:07"]
[BlackClock "0:00:01"]

1. e4 c5 2. Nf3 Nc6 3. d4 cxd4 4. Nxd4 e5 5. Nb5 d6 6. N1c3 a6 7. Na3 b5 8. Nd5 Nge7 9. Be3 Nxd5 10. exd5 Ne7 11. c4 Nf5 12. Bd2 Be7 13. cxb5 O-O 14. bxa6 Bh4 15. Be2 Bxf2+ 16. Kxf2 Qh4+ 17. Kg1 Qd4+ 18. Kf1 Qxd5 19. Nc2 Nh4 20. Ne3 Qe4 21. Bf3 Bxa6+ 22. Kf2 Qg6 23. g3 Nxf3 24. Qxf3 f5 25. Nd5 Qf7 26. Rac1 Bb7 27. Rc7 Qxd5 28. Qxd5+ Bxd5 29. Rd1 Rxa2 30. Bc3 Bf7 31. Rxd6 e4 32. Rdd7 Ra6 33. Bb4 e3+ 34. Ke2 1-0


[Site "https://www.chess.com"]

[Event "Titled Tuesday Blitz September 20 Late 2022"]
[White "Preotu, Razvan"]
[Black "Besedes, Danilo"]
[WhiteFideId "2613280"]
[BlackFideId "946796"]
[WhiteElo "2407"]
[BlackElo "2352"]
[Result "0-1"]
[Round "08"]
[TimeControl "180+1"]
[Date "2022.09.20"]
[WhiteClock "0:00:08"]
[BlackClock "0:01:20"]

1. e4 e6 2. d4 d5 3. Nc3 dxe4 4. Nxe4 Bd7 5. Nf3 Bc6 6. Bd3 Nd7 7. Bf4 Ngf6 8. Ned2 Bd6 9. Bg3 O-O 10. Qe2 Bxf3 11. Nxf3 Nd5 12. c4 Bb4+ 13. Kf1 N5f6 14. h4 Re8 15. h5 h6 16. a3 Bd6 17. Ne5 Bf8 18. Bf4 c5 19. Rh3 cxd4 20. Rg3 Nxe5 21. Qxe5 Kh8 22. Rd1 Rc8 23. b3 Rc5 24. Qe2 Rxh5 25. Kg1 e5 26. Bc1 e4 27. Bb1 d3 28. Qe3 Qc7 29. Rh3 Rxh3 30. Qxh3 Kg8 31. Bb2 Qf4 32. Qe3 Qxe3 33. fxe3 Bc5 34. Bd4 b6 35. b4 Bxd4 36. exd4 Ng4 37. Re1 d2 38. Rd1 e3 0-1


[Site "https://www.chess.com"]

[Event "Titled Tuesday Blitz September 20 Late 2022"]
[White "Sernecki, Franciszek"]
[Black "Mladek, Richard"]
[WhiteFideId "1169297"]
[BlackFideId "386588"]
[WhiteElo "2168"]
[BlackElo "2263"]
[Result "0-1"]
[Round "08"]
[TimeControl "180+1"]
[Date "2022.09.20"]
[WhiteClock "0:00:38"]
[BlackClock "0:00:31"]

1. c4 Nf6 2. Nc3 e6 3. e4 c5 4. e5 Ng8 5. Nf3 Nc6 6. d4 cxd4 7. Nxd4 Nxe5 8. Ndb5 d6 9. Bf4 a6 10. Na3 Nf6 11. c5 Qc7 12. cxd6 Bxd6 13. Rc1 Nd3+ 14. Bxd3 Bxf4 15. Rc2 O-O 16. Ne2 Qa5+ 17. Kf1 Bh6 18. Nc4 Qd8 19. h3 b5 20. Ne5 Bb7 21. Ng4 Nxg4 22. hxg4 Qd5 23. Rxh6 Qxg2+ 24. Ke1 gxh6 25. Rc7 Rad8 26. Qc2 Qh1+ 27. Kd2 Be4 28. Rc3 Qf3 29. Nc1 Qxf2+ 30. Kd1 Bf3+ 31. Ne2 Qf1+ 32. Kd2 Qxe2+ 0-1


[Site "https://www.chess.com"]

[Event "Titled Tuesday Blitz September 20 Late 2022"]
[White "Shuvalov, Evgenij"]
[Black "Gomez Ledo, Roberto Carlos"]
[WhiteFideId "4187237"]
[BlackFideId "3507076"]
[WhiteElo "2033"]
[BlackElo "2379"]
[Result "1-0"]
[Round "08"]
[TimeControl "180+1"]
[Date "2022.09.20"]
[WhiteClock "0:02:00"]
[BlackClock "0:00:20"]

1. d4 Nf6 2. c4 e6 3. Nf3 d5 4. cxd5 exd5 5. Nc3 c6 6. Bg5 Be7 7. Qc2 g6 8. e3 Bf5 9. Bd3 Bxd3 10. Qxd3 a5 11. O-O Nbd7 12. Ne5 Nxe5 13. dxe5 Nd7 14. Bxe7 Qxe7 15. f4 f6 16. e4 Nc5 17. Qe3 dxe4 18. exf6 Qf8 19. Nxe4 Nxe4 20. Qxe4+ Kf7 21. f5 Qc5+ 22. Kh1 Rae8 23. fxg6+ hxg6 24. Qg4 Re6 25. Rad1 Rd6 26. Rde1 Qd5 27. Re7+ Kf8 28. Qxg6 1-0


[Site "https://www.chess.com"]

[Event "Titled Tuesday Blitz September 20 Late 2022"]
[White "Sokolovsky, Yahli"]
[Black "Xiong, Jeffery"]
[WhiteFideId "2820242"]
[BlackFideId "2047640"]
[WhiteElo "2710"]
[BlackElo "2987"]
[Result "0-1"]
[Round "08"]
[TimeControl "180+1"]
[Date "2022.09.20"]
[WhiteClock "0:00:03"]
[BlackClock "0:01:02"]

1. b3 d5 2. Bb2 Bf5 3. e3 e6 4. Nf3 h6 5. d4 Nf6 6. Bd3 Bd6 7. O-O c6 8. Bxf5 exf5 9. Qd3 g6 10. c4 Nbd7 11. Ne5 Qe7 12. f4 O-O 13. Nd2 Rfe8 14. Rac1 Nf8 15. c5 Bc7 16. b4 a6 17. a4 Qe6 18. b5 axb5 19. axb5 Ne4 20. Ra1 Nxd2 21. Qxd2 cxb5 22. Qd3 Rxa1 23. Rxa1 f6 24. Nf3 Qxe3+ 25. Qxe3 Rxe3 26. Bc1 Rb3 27. Bd2 Ne6 28. Ra7 Nd8 29. Ra8 Kf7 30. Ra7 g5 31. c6 Bb6 32. Ra8 Nxc6 33. fxg5 hxg5 34. h3 Nxd4 35. Nxd4 Bxd4+ 36. Kf1 Rb2 37. Ke1 b4 38. Rb8 b6 39. Rd8 Ke6 40. g4 fxg4 41. hxg4 Bc3 42. Bxc3 bxc3 43. Rc8 d4 44. Kd1 Ke5 45. Kc1 Ke4 46. Rh8 Rg2 47. Rh1 d3 48. Rf1 Rxg4 49. Re1+ Kd4 50. Rf1 Rf4 51. Re1 d2+ 0-1


[Site "https://www.chess.com"]

[Event "Titled Tuesday Blitz September 20 Late 2022"]
[White "Souleidis, Georgios"]
[Black "Christiansen, Johan-Sebastian"]
[WhiteFideId "4206827"]
[BlackFideId "1512668"]
[WhiteElo "2401"]
[BlackElo "2513"]
[Result "0-1"]
[Round "08"]
[TimeControl "180+1"]
[Date "2022.09.20"]
[WhiteClock "0:00:27"]
[BlackClock "0:01:16"]

1. e4 e5 2. Nc3 Nf6 3. d4 exd4 4. Qxd4 Nc6 5. Qd3 Bc5 6. Bf4 O-O 7. f3 d6 8. O-O-O Be6 9. Kb1 Nd7 10. Qd2 a6 11. h4 b5 12. h5 Nb6 13. h6 g6 14. Nd5 Bxd5 15. exd5 Ne5 16. b3 b4 17. Nh3 a5 18. Ng5 a4 19. Ne4 Nbd7 20. Nxc5 Nxc5 21. Qxb4 axb3 22. cxb3 Qf6 23. Bxe5 Qf5+ 24. Kb2 Rxa2+ 25. Kxa2 Qc2+ 0-1


[Site "https://www.chess.com"]

[Event "Titled Tuesday Blitz September 20 Late 2022"]
[White "Svane, Rasmus"]
[Black "Ceres, Dragos"]
[WhiteFideId "4657101"]
[BlackFideId "13905864"]
[WhiteElo "2674"]
[BlackElo "2150"]
[Result "0-1"]
[Round "08"]
[TimeControl "180+1"]
[Date "2022.09.20"]
[WhiteClock "0:00:01"]
[BlackClock "0:00:16"]

1. Nf3 g6 2. e4 Bg7 3. d4 d6 4. Bd3 Nf6 5. O-O O-O 6. c3 Nc6 7. h3 e5 8. Re1 Re8 9. Bc2 exd4 10. cxd4 Nb4 11. Nc3 Nxc2 12. Qxc2 c6 13. Bf4 b5 14. Rad1 b4 15. Na4 Rxe4 16. Rxe4 Bf5 17. Ng5 d5 18. f3 dxe4 19. fxe4 Nxe4 20. Nxe4 Qd5 21. Re1 Bxd4+ 22. Kh2 Kg7 23. Nac5 Bxc5 24. Qxc5 Re8 25. Qxb4 Bxe4 26. Qc3+ f6 27. Re2 Qxa2 28. Rd2 Qe6 29. Qc5 Bd5 30. Qxa7+ Re7 31. Qf2 g5 32. Bg3 f5 33. Qc5 f4 34. Bf2 h5 35. Bd4+ Kg6 36. Qc2+ Qf5 37. Qc5 Re1 38. Qa7 Qxh3+ 39. Kxh3 Rh1# 0-1


[Site "https://www.chess.com"]

[Event "Titled Tuesday Blitz September 20 Late 2022"]
[White "Terry, Renato"]
[Black "Safarli, Eltaj"]
[WhiteFideId "3803457"]
[BlackFideId "13402129"]
[WhiteElo "2577"]
[BlackElo "2634"]
[Result "0-1"]
[Round "08"]
[TimeControl "180+1"]
[Date "2022.09.20"]
[WhiteClock "0:00:45"]
[BlackClock "0:02:13"]

1. d4 Nf6 2. Nf3 g6 3. Bg5 Bg7 4. c3 O-O 5. Nbd2 d6 6. e4 c5 7. dxc5 dxc5 8. Bc4 Nc6 9. Qe2 Qc7 10. O-O b6 11. Rfe1 Bb7 12. e5 Nd7 13. e6 fxe6 14. Bxe6+ Kh8 15. Nc4 Nf6 16. Nfe5 Nxe5 17. Nxe5 Ne4 18. Nxg6+ hxg6 19. Qxe4 Bxe4 20. Rxe4 Be5 21. Rae1 Bf4 0-1


[Site "https://www.chess.com"]

[Event "Titled Tuesday Blitz September 20 Late 2022"]
[White "Timmermans, Mark"]
[Black "Cukrowski, Filip"]
[WhiteFideId "1026399"]
[BlackFideId "1171097"]
[WhiteElo "2460"]
[BlackElo "2093"]
[Result "1-0"]
[Round "08"]
[TimeControl "180+1"]
[Date "2022.09.20"]
[WhiteClock "0:01:06"]
[BlackClock "0:00:15"]

1. b4 Nf6 2. Bb2 d6 3. c4 c5 4. b5 a6 5. a4 axb5 6. axb5 Rxa1 7. Bxa1 g6 8. e3 Bg7 9. Nf3 O-O 10. Be2 d5 11. cxd5 Qxd5 12. Nc3 Qd8 13. O-O b6 14. d4 Nbd7 15. dxc5 Nxc5 16. Nd4 Bb7 17. Bf3 Qc7 18. Bxb7 Qxb7 19. Nc6 e6 20. Bb2 Ne8 21. Qe2 Nd6 22. Rd1 Qc7 23. Ra1 Nc8 24. g3 Nb7 25. Ne4 e5 26. Ba3 Re8 27. Rd1 Na5 28. Nd6 Nxd6 29. Bxd6 Qb7 30. Qc2 Bf6 31. Rc1 Kg7 32. Nxa5 bxa5 33. Qc6 Qxc6 34. bxc6 Rc8 35. c7 e4 36. Rb1 a4 37. Rb8 Rxc7 38. Bxc7 a3 39. Ra8 1-0


[Site "https://www.chess.com"]

[Event "Titled Tuesday Blitz September 20 Late 2022"]
[White "Yurovskykh, Oleksandr"]
[Black "Yanchenko, Roman"]
[WhiteFideId "14134020"]
[BlackFideId "4137329"]
[WhiteElo "2303"]
[BlackElo "2514"]
[Result "0-1"]
[Round "08"]
[TimeControl "180+1"]
[Date "2022.09.20"]
[WhiteClock "0:00:01"]
[BlackClock "0:00:14"]

1. d4 d5 2. Bf4 Bf5 3. c4 c6 4. Nc3 e6 5. e3 Nd7 6. Nf3 Ngf6 7. Qb3 Qb6 8. c5 Qxb3 9. axb3 a6 10. b4 Rc8 11. h3 Be7 12. Nd2 Bd8 13. Nb3 Bc7 14. Bxc7 Rxc7 15. b5 Bc2 16. b6 Rc8 17. Na5 Rb8 18. Bxa6 bxa6 19. Nxc6 Rc8 20. Rxa6 Bd3 21. Ra7 Rxc6 22. Ra8+ Ke7 23. Rxh8 Nxb6 24. cxb6 Rxb6 25. Kd2 Ne4+ 26. Nxe4 dxe4 27. Kc3 Rc6+ 28. Kb4 Rb6+ 29. Kc5 Rxb2 30. Ra1 Rc2+ 31. Kb4 Rxf2 32. Ra7+ Kf6 33. g4 Kg6 34. h4 h6 35. h5+ Kg5 36. Rh7 Kf6 37. g5+ hxg5 38. h6 Kg6 39. Rxg7+ Kxh6 40. Rgxf7 Rf3 41. Rh7+ Kg6 42. Rag7+ Kf5 43. Rh5 Rg3 44. Rf7+ Kg6 45. Rhh7 Rxe3 46. Rfg7+ Kf5 47. Rf7+ Kg4 48. Kc3 Rg3 0-1


[Site "https://www.chess.com"]

[Event "Titled Tuesday Blitz September 20 Late 2022"]
[White "Alexikov, Alexander"]
[Black "Gascon Del Nogal, Jose Rafael"]
[WhiteFideId "14103958"]
[BlackFideId "3902463"]
[WhiteElo "2222"]
[BlackElo "2473"]
[Result "0-1"]
[Round "09"]
[TimeControl "180+1"]
[Date "2022.09.20"]
[WhiteClock "0:00:53"]
[BlackClock "0:01:24"]

1. e4 c5 2. Nf3 Nc6 3. Bb5 d6 4. O-O Bd7 5. c3 Nf6 6. Re1 a6 7. Bf1 Bg4 8. h3 Bxf3 9. Qxf3 e6 10. Qd1 Be7 11. d3 O-O 12. Nd2 d5 13. e5 Nd7 14. f4 b5 15. Nf3 c4 16. Be3 Nc5 17. d4 Ne4 18. Nd2 Bh4 19. Nxe4 Bxe1 20. Qxe1 dxe4 21. Bf2 f5 22. exf6 Qxf6 23. Qxe4 Qxf4 24. Qxe6+ Kh8 25. Be3 Qg3 26. Qxc6 Qxe3+ 27. Kh1 Rae8 28. Qxa6 Qf2 29. Qxb5 Re1 30. Rxe1 Qxe1 0-1


[Site "https://www.chess.com"]

[Event "Titled Tuesday Blitz September 20 Late 2022"]
[White "Andreikin, Dmitry"]
[Black "Timmermans, Mark"]
[WhiteFideId "4158814"]
[BlackFideId "1026399"]
[WhiteElo "2736"]
[BlackElo "2460"]
[Result "1-0"]
[Round "09"]
[TimeControl "180+1"]
[Date "2022.09.20"]
[WhiteClock "0:00:33"]
[BlackClock "0:00:11"]

1. e4 e5 2. f4 exf4 3. Nf3 g5 4. Bc4 Bg7 5. O-O d6 6. d4 h6 7. c3 Ne7 8. g3 g4 9. Nh4 f3 10. Nxf3 gxf3 11. Qxf3 O-O 12. Bxf7+ Kh8 13. Qh5 Ng8 14. Qg6 Nc6 15. Bxg8 Rxf1+ 16. Kxf1 Kxg8 17. Bxh6 Qf6+ 18. Qxf6 Bxf6 19. Nd2 Bh3+ 20. Ke2 Kh7 21. Bf4 Re8 22. Kd3 Kg6 23. Re1 d5 24. Bxc7 dxe4+ 25. Nxe4 Bf5 26. g4 Bc8 27. Rf1 Bg7 28. h3 Rh8 29. Rf3 Be6 30. b3 b5 31. Bd6 a5 32. Bc5 b4 33. c4 Rd8 34. d5 Ne5+ 35. Ke2 Nxf3 36. Kxf3 Bxd5 37. cxd5 Rxd5 38. h4 Rd1 39. h5+ Kh7 40. g5 Ra1 41. g6+ Kg8 42. Be3 Rxa2 43. h6 Rb2 44. h7+ Kf8 45. Bh6 Rxb3+ 46. Kg4 1-0


[Site "https://www.chess.com"]

[Event "Titled Tuesday Blitz September 20 Late 2022"]
[White "Baskakov, Egor"]
[Black "Noboa Silva, Kevin"]
[WhiteFideId "24197866"]
[BlackFideId "3618471"]
[WhiteElo "2211"]
[BlackElo "2172"]
[Result "1-0"]
[Round "09"]
[TimeControl "180+1"]
[Date "2022.09.20"]
[WhiteClock "0:00:13"]
[BlackClock "0:00:05"]

1. e4 e6 2. Nc3 d5 3. g3 Nf6 4. Bg2 dxe4 5. Nxe4 Nxe4 6. Bxe4 Nd7 7. Ne2 Nc5 8. Bg2 e5 9. O-O c6 10. d4 exd4 11. Nxd4 Be7 12. c3 O-O 13. Be3 Ne6 14. Qb3 Nc5 15. Qc2 a5 16. Rfd1 Qe8 17. Nf5 Bxf5 18. Qxf5 Ne6 19. a4 Qc8 20. Bh3 Rd8 21. Qe4 Rxd1+ 22. Rxd1 h6 23. Bb6 Bf8 24. Kg2 Ng5 25. Bxc8 Nxe4 26. Bxb7 Rb8 27. Bxc6 Rxb6 28. Bxe4 Rxb2 29. Rd8 g6 30. Bd5 Re2 31. Kf1 Re5 32. c4 Kg7 33. Rd7 Re7 34. Rd8 Rc7 35. Rb8 Bb4 36. Ke2 Kf6 37. f4 g5 38. Kf3 gxf4 39. gxf4 Re7 40. Rb6+ Kg7 41. f5 Re1 42. f6+ Kg6 43. Be4+ Kg5 44. Bd5 Rf1+ 45. Ke4 Rxf6 46. Rb8 Rf4+ 47. Kd3 Kf6 48. Rb7 Kg7 49. Rc7 Rh4 50. Rxf7+ Kg6 51. Rf2 Rh3+ 52. Ke4 Ra3 53. Rg2+ Kf6 54. Rf2+ Kg6 55. Rg2+ Kf6 56. h4 Rxa4 57. h5 Bc5 58. Rg6+ Ke7 59. Ke5 Ra2 60. Rxh6 Re2+ 61. Kf5 Bd4 62. Ra6 Ra2 63. h6 Rf2+ 64. Ke4 Bc3 65. h7 Rh2 66. Kd3 Bb4 67. Ra7+ Kf6 68. Be4 Be1 69. Ra8 Rh3+ 70. Ke2 Bc3 71. h8=Q+ Rxh8 72. Rxh8 Ke5 73. Re8+ Kd4 74. Kd1 Kxc4 75. Kc2 a4 76. Bd3+ Kd4 77. Ra8 a3 78. Rxa3 Bb4 79. Ra4 Kc5 80. Kb3 Be1 81. Rc4+ Kd5 82. Re4 Bf2 83. Re2 Bd4 84. Bc4+ Kc5 85. Re4 Bf6 86. Rg4 Be5 87. Bf7 Bd4 88. Kc2 Be5 89. Kd3 Bf6 90. Ke4 Bd4 91. Rg5+ Kd6 92. Kxd4 Ke7 93. Bc4 Kf6 94. Rb5 Ke7 95. Kd5 Kd7 96. Rb7+ Kc8 97. Kc6 Kd8 98. Kd6 Kc8 99. Rf7 Kb8 100. Kc6 Ka8 101. Kb6 1-0


[Site "https://www.chess.com"]

[Event "Titled Tuesday Blitz September 20 Late 2022"]
[White "Becerra, Juan David"]
[Black "Stoyanov, Tsvetan"]
[WhiteFideId "4404998"]
[BlackFideId "2917173"]
[WhiteElo "2278"]
[BlackElo "2283"]
[Result "0-1"]
[Round "09"]
[TimeControl "180+1"]
[Date "2022.09.20"]
[WhiteClock "0:00:02"]
[BlackClock "0:00:20"]

1. d4 Nf6 2. c4 e6 3. Nc3 Bb4 4. a3 Bxc3+ 5. bxc3 d5 6. Bg5 O-O 7. e3 c5 8. cxd5 exd5 9. Bd3 Nbd7 10. Nf3 Qa5 11. O-O c4 12. Bc2 Qxc3 13. Qb1 Qa5 14. Ne5 h6 15. Nxd7 Nxd7 16. Bh7+ Kh8 17. Be7 Re8 18. Bb4 Qc7 19. Bc2 Nf6 20. a4 Ng4 21. g3 a5 22. Bc5 Ra6 23. Qb2 h5 24. Rab1 Rh6 25. Bd1 Nf6 26. Qb6 Qd7 27. Bf3 h4 28. Qb5 Qf5 29. Bg2 hxg3 30. hxg3 Qh5 31. Rfe1 Bh3 32. Bd6 Re6 0-1


[Site "https://www.chess.com"]

[Event "Titled Tuesday Blitz September 20 Late 2022"]
[White "Bjelobrk, Igor"]
[Black "Forgacs, Attila Jr."]
[WhiteFideId "4300726"]
[BlackFideId "773654"]
[WhiteElo "2335"]
[BlackElo "2062"]
[Result "1-0"]
[Round "09"]
[TimeControl "180+1"]
[Date "2022.09.20"]
[WhiteClock "0:00:15"]
[BlackClock "0:00:02"]

1. c4 e5 2. g3 d6 3. Bg2 g6 4. d4 Nd7 5. Nc3 Ngf6 6. Nf3 Bg7 7. O-O O-O 8. e4 exd4 9. Nxd4 Re8 10. h3 a6 11. Be3 Rb8 12. b3 Ne5 13. a4 Nfd7 14. Ra2 Nc5 15. Rd2 Bd7 16. Kh2 Nc6 17. Nd5 Nxe4 18. Rc2 f5 19. Ne2 Nf6 20. Nec3 Kh8 21. Bg5 h6 22. Nxf6 Bxf6 23. Bxh6 Nb4 24. Rc1 Bc6 25. Nd5 Bxd5 26. cxd5 Qd7 27. a5 Na2 28. Rc4 Nc3 29. Qd3 Nb5 30. Bd2 Re5 31. Bf4 Re7 32. h4 Rbe8 33. Rfc1 Kg7 34. Kg1 Re2 35. Bf3 Re1+ 36. Rxe1 Rxe1+ 37. Kg2 Qe7 38. Qd2 Qe8 39. Bh6+ Kh7 40. Be3 Ra1 41. Qc2 Kg7 42. h5 g5 43. Qxf5 Qe5 44. Qg6+ Kf8 45. h6 Re1 46. h7 Rxe3 47. fxe3 Qb2+ 48. Kh3 Qe5 49. Re4 Ke7 50. Rxe5+ Bxe5 51. Qe6+ Kd8 52. Bg4 Nd4 53. Qd7# 1-0


[Site "https://www.chess.com"]

[Event "Titled Tuesday Blitz September 20 Late 2022"]
[White "Bortnyk, Olexandr"]
[Black "Naroditsky, Daniel"]
[WhiteFideId "14120828"]
[BlackFideId "2026961"]
[WhiteElo "2987"]
[BlackElo "3126"]
[Result "1-0"]
[Round "09"]
[TimeControl "180+1"]
[Date "2022.09.20"]
[WhiteClock "0:00:04"]
[BlackClock "0:00:02"]

1. e4 c5 2. Be2 Nc6 3. d3 d5 4. f4 g6 5. Nf3 Bg7 6. c3 e6 7. O-O Nge7 8. e5 d4 9. Na3 O-O 10. cxd4 Nxd4 11. Nxd4 Qxd4+ 12. Kh1 Nf5 13. Nc2 Qd7 14. Bf3 Rd8 15. Be4 Rb8 16. Qf3 b6 17. Be3 Bb7 18. Bf2 Bd5 19. g4 Ne7 20. Bh4 Rf8 21. Bxe7 Bxe4 22. dxe4 Qxe7 23. g5 Rbd8 24. Ne3 Rd3 25. Nd5 exd5 26. Qxd3 d4 27. b3 Rd8 28. Kg2 Qe6 29. Kg3 h5 30. h3 Qc6 31. Rac1 b5 32. Rc2 Bf8 33. Rfc1 a6 34. Kg2 Qc7 35. a4 Qa5 36. axb5 axb5 37. Qd2 Qa3 38. Rb1 c4 39. bxc4 h4 40. Qf2 bxc4 41. Rxc4 Qd3 42. Rcc1 Qxe4+ 43. Qf3 Qf5 44. Rd1 Qc2+ 45. Qf2 d3 46. Rbc1 Qa4 47. Rd2 Bb4 48. Rdd1 d2 49. Rb1 Qc2 50. Qe2 Bc5 51. e6 Rd3 52. exf7+ Kxf7 53. Rb7+ Kf8 54. Rb8+ Kg7 55. Qe5+ Kf7 56. Qf6# 1-0


[Site "https://www.chess.com"]